 Dungeon Crawl Stone Soup version 0.29.1-1-gd02db69 (webtiles) character file.

Game seed: 9607685980513054943

622 Timinator the Insei (level 7, -2/56 HPs)
             Began as a Demigod Transmuter on Dec 18, 2022.
             Killed from afar by Dowan (10 damage)
             ... with a shard of ice
             ... on level 5 of the Dungeon.
             The game lasted 00:19:50 (4999 turns).

Timinator the Insei (Demigod Transmuter)            Turns: 4999, Time: 00:19:52

Health: -2/56      AC:  3    Str: 15    XL:     7   Next: 2%
Magic:  14/15      EV: 12    Int: 15    God:
Gold:   246        SH:  0    Dex: 18    Spells: 9/12 levels left

rFire   . . .      SeeInvis .     - Unarmed
rCold   . . .      Faith    .   (no shield)
rNeg    . . .      Spirit   .   i - +0 leather armour
rPois   .          Reflect  .   (helmet currently unavailable)
rElec   .          Harm     .   (no cloak)
rCorr   .          Rampage  .   (no gloves)
Will    .....                   (boots currently unavailable)
Stlth   +.........              (no amulet)
HPRegen 0.18/turn               (no ring)
MPRegen 0.14/turn               (no ring)

@: appendages
A: horns 2, talons 2, high MP 1, forlorn, divine attributes
a: End Transformation


You were on level 5 of the Dungeon.
You had temporarily grown beastly horns and talons.
You visited 1 branch of the dungeon, and saw 5 of its levels.

You collected 246 gold pieces.

Inventory:

Armour
 a - a +0 ring mail
 i - a +0 leather armour (worn)
Jewellery
 c - a ring of wizardry
 p - a +6 ring of strength
 r - a ring of ice
Scrolls
 b - a scroll of silence
 d - a scroll of identify
 e - a scroll of butterflies {unknown}
 g - a scroll of enchant armour {unknown}
 h - 2 scrolls of teleportation
 m - a scroll of magic mapping {unknown}
Potions
 j - a potion of resistance
 l - 3 potions of brilliance
 n - a potion of cancellation


   Skills:
 + Level 2.5 Fighting
 - Level 2.3 Armour
 + Level 2.5 Dodging
 * Level 4.3 Unarmed Combat
 + Level 3.2 Spellcasting
 + Level 3.8 Transmutations


You had 9 spell levels left.
You knew the following spells:

 Your Spells              Type           Power      Damage    Failure   Level
a - Beastly Appendage     Tmut           28%        N/A       4%          1
b - Wereblood             Tmut           14%        N/A       8%          2

Your spell library contained the following spells:

 Spells                   Type           Power      Damage    Failure   Level
 Spider Form              Tmut/Pois      8%         N/A       32%         3
 Poisonous Vapours        Pois/Air       4%         N/A       36%         2
 Gell's Gravitas          Tloc           2%         N/A       58%         3
 Lesser Beckoning         Tloc           2%         N/A       58%         3
 Teleport Other           Tloc           2%         N/A       58%         3
 Ice Form                 Ice/Tmut       8%         N/A       71%         4
 Corpse Rot               Necr/Pois/Air  2%         N/A       94%         4


Dungeon Overview and Level Annotations

Branches:
Dungeon (5/15)
 Temple: D:4-7

Annotations:
D:5 Dowan


Innate Abilities, Weirdness & Mutations

You have temporarily grown beastly horns and talons.
You have an increased reservoir of magic. (+10% MP)
You shall have no god before yourself.
Your divine heritage dramatically boosts your attributes as you level up.


Message History

You barely miss Dowan.
Dowan is moderately wounded.
Dowan gestures wildly while chanting.
Dowan blinks!
You barely miss Dowan.
Dowan is moderately wounded.
Dowan hits you with a +0 dagger.
You punch Dowan!
Dowan is heavily wounded.
Dowan mumbles some strange words.
Dowan blinks!
You hit Dowan.
Dowan is severely wounded.
Dowan hits you with a +0 dagger. x2
* * * LOW HITPOINT WARNING * * *
You hit Dowan.
Dowan is almost dead.
Dowan gestures wildly while chanting.
Dowan blinks!
Unknown command.
Dowan gestures at you while chanting. The stone arrow misses you.
Casting: Beastly Appendage (safe; 4% risk of failure)
Confirm with . or Enter, or press ? or * to list all spells.
You grow a pair of large bovine horns.
Your feet morph into talons.
Dowan drinks a potion.
Dowan is healed!
You completely miss Dowan. Your kick misses Dowan.
Dowan is heavily wounded.
Dowan hits you with a +0 dagger.
* * * LOW HITPOINT WARNING * * *
Dowan hits you with a +0 dagger.
* * * LOW HITPOINT WARNING * * *
You hit Dowan but do no damage. You claw Dowan! Your headbutt misses Dowan.
Dowan is almost dead.
Dowan mumbles some strange words.
Dowan blinks!
Unknown command.
Dowan points at you and mumbles some strange words.
The shard of ice hits you!
You die...

#......)# ..[..#
#######.#.#
#####..# #.#.#
#......# #.#.#
#<###..#
#.#.#.######..#
#e#.#.........#
#.#.########.##
#.#.# #.)# #<@.#
###.## #####..#
###...#
#.....ยง###...###
#.###.......##
...#.##....#
#........#
....##.##### .##.
#. # .. +.


You could see Dowan (fast).

Vanquished Creatures
  Sigmund (D:5)
  Duvessa (D:5)
  A centaur (D:3)
  A phantom (D:4)
  A scorpion (D:4)
  A hound (D:4)
  3 adders
  An ufetubus (D:5)
  A dart slug (D:3)
  2 worms
  5 orcs
  8 ball pythons
  6 endoplasms
  4 giant cockroaches
  14 goblins
  7 hobgoblins
  3 quokkas
  5 bats
  5 frilled lizards
  10 kobolds
  A rat (D:2)
81 creatures vanquished.

Notes
Turn   | Place    | Note
-------+----------+-------------------------------------------
     0 | D:1      | Timinator the Demigod Transmuter began the quest for the
                  | Orb.
     0 | D:1      | Reached XP level 1. HP: 15/15 MP: 5/5
   228 | D:1      | Reached skill level 3 in Unarmed Combat
   426 | D:1      | Reached XP level 2. HP: 16/22 MP: 5/7
   854 | D:1      | Reached skill level 1 in Fighting
  1318 | D:2      | Reached XP level 3. HP: 17/28 MP: 6/8
  1856 | D:2      | Identified the +2 dagger "Vusiadde" {vamp, +Blink rPois
                  | Int-5 Dex+6}
  2742 | D:3      | Learned a level 2 spell: Wereblood
  2831 | D:3      | Reached XP level 4. HP: 29/35 MP: 8/10
  3072 | D:3      | Noticed a centaur
  3093 | D:3      | Killed a centaur
  3094 | D:3      | Reached skill level 1 in Armour
  3094 | D:3      | Reached XP level 5. HP: 15/41 MP: 9/11
  4245 | D:4      | Reached XP level 6. HP: 8/48 MP: 11/13
  4561 | D:5      | Entered Level 5 of the Dungeon
  4614 | D:5      | Noticed Sigmund
  4662 | D:5      | Killed Sigmund
  4663 | D:5      | Reached skill level 4 in Unarmed Combat
  4690 | D:5      | Noticed Duvessa
  4690 | D:5      | Noticed Dowan
  4972 | D:5      | Killed Duvessa
  4973 | D:5      | Reached XP level 7. HP: 21/56 MP: 13/15
  4999 | D:5      | Killed from afar by Dowan

Illustrated notes

Levels and vault maps discovered:
D:1:      tarquinn_simple_flora_water_f, layout_loops_corners, dk_noncrumbling_3
D:2:      layout_basic, ebering_ecumenical_altar_abandoned
D:3:      layout_loops_ring, mainiacjoe_overflow_swirl, serial_glass,
          glass_columns_b, glass_columns_c
D:4:      layout_basic
D:5:      layout_basic, minmay_temple_entry_purple_smoke,
          nicolae_ossuary_entry_false_entrances, uniq_duvessa,
          uniq_blork_the_orc, uniq_ijyb, uniq_sigmund, uniq_grinder

Skill      XL: |  1  2  3  4  5  6 |
---------------+-------------------+-----
Unarmed Combat | 3 4 |  4.3
Fighting       | 1 2 |  2.5
Spellcasting   | 2 3 |  3.2
Transmutations | 2 3 |  3.8
Dodging        | 2 |  2.5
Armour         | 1 2 |  2.3

Action                   |  1- 3 |  4- 6 |  7- 9 || total
-------------------------+-------+-------+-------++-------
Melee: Unarmed           |   126 |    58 |    10 ||   194
       Kick              |    27 |    27 |     1 ||    55
       Headbutt          |    13 |    18 |       ||    31
       Punch             |     2 |     4 |       ||     6
       Dagger            |    12 |    90 |       ||   102
 Cast: Beastly Appendage |    31 |    16 |     1 ||    48
       Wereblood         |       |     5 |       ||     5
  Use: Scroll            |       |    12 |       ||    12
       Potion            |       |     5 |       ||     5
 Stab: Sleeping          |     2 |       |       ||     2
Armor: Robe              |    12 |       |       ||    12
       Leather armour    |     7 |    35 |       ||    42
       Skin              |       |    22 |       ||    22
Dodge: Dodged            |    68 |    68 |     3 ||   139
